 Dungeon Crawl Stone Soup version 0.30-a0-930-gb9d0489357 (webtiles) character file.

Game seed: 17911802052728149639

214478 mopl the Polluter (level 19, -1/140 (148) HPs)
             Began as a Formicid Venom Mage on Mar 23, 2023.
             Was a High Priest of Cheibriados.
             Engulfed by a cloud of spectral mist (41 damage)
             ... on level 2 of the Swamp.
             The game lasted 01:29:17 (33069 turns).

mopl the Polluter (Formicid Venom Mage)            Turns: 33069, Time: 01:29:18

HP:   -1/140 (148)  AC: 22    Str: 22    XL:     19   Next: 72%
MP:   27/37         EV: 20    Int: 49    God:    Cheibriados [*****.]
Gold: 3014          SH: 16    Dex: 30    Spells: 6/28 levels left

rFire   . . .      SeeInvis +    a - +5 broad axe (elec)
rCold   + + +      Faith    +    n - +0 kite shield {reflect}
rNeg    + . .      Spirit   .    k - +6 scale mail of the Robin {rC+ Int+2 Dex+3}
rPois   +          Reflect  +    (helmet unavailable)
rElec   +          Rampage  .    Z - +1 cloak {rPois}
rCorr   .                        M - +0 pair of gloves of the Doldrums {+Blink}
Will    ++++.                    L - +1 pair of boots {Stlth+}
Stlth   ++                       u - amulet of faith {!P}
HPRegen 0.43/turn                z - ring "Doror" {rElec rN+ MP+9 Int+6}
MPRegen 0.25/turn                t - ring "Heviliv" {rC++ Will+++ Str-5 Int+6 Slay+2}

@: drained, very slow
A: permanent stasis, dig shafts and tunnels, antennae 3, four strong arms
}: 1/15 runes: gossamer
a: Dig, Shaft Self, Renounce Religion, Bend Time, Temporal Distortion, Slouch,
Step From Time


You were on level 2 of the Swamp.
You worshipped Cheibriados.
Cheibriados was extremely pleased with you.
You visited 7 branches of the dungeon, and saw 32 of its levels.
You also visited: Bailey.

You collected 4877 gold pieces.
You spent 1863 gold pieces at shops.

Inventory:

Hand Weapons
 a - a +5 broad axe of electrocution (weapon)
 b - a +4 war axe of flaming
 p - a +2 battleaxe
 J - the +3 greatsling "Punk" {acid, rCorr}
   (You found it on level 3 of the Elven Halls)

   rCorr:     It protects you from acid and corrosion.
Missiles
 c - 48 poisoned darts
 y - 6 boomerangs of dispersal
 S - 8 curare-tipped darts
Armour
 k - the +6 scale mail of the Robin (worn) {rC+ Int+2 Dex+3}
   (You found it on level 1 of the Elven Halls)

   Int:       It affects your intelligence (+2).
   Dex:       It affects your dexterity (+3).
   rC:        It protects you from cold.
 n - a +0 kite shield of reflection (worn)
 L - a +1 pair of boots of stealth (worn)
 M - the +0 pair of gloves of the Doldrums (worn) {+Blink}
   (You found it on level 3 of the Elven Halls)

   +Blink:    It lets you blink.
 X - a scarf of repulsion
 Z - a +1 cloak of poison resistance (worn)
Jewellery
 e - the ring "Habbat" {rF+ rN+ MP+9 Str+7 Int-2}
   (You bought it in a shop on level 2 of the Orcish Mines)

   [ring of magical power]

   Str:       It affects your strength (+7).
   Int:       It affects your intelligence (-2).
   rF:        It protects you from fire.
   rN:        It protects you from negative energy.
   MP:        It affects your magic capacity (+9).
 t - the ring "Heviliv" (right hand) {rC++ Will+++ Str-5 Int+6 Slay+2}
   (You acquired it on level 12 of the Dungeon)

   [ring of intelligence]

   Str:       It affects your strength (-5).
   Int:       It affects your intelligence (+6).
   Slay:      It affects your accuracy & damage with ranged weapons and melee
   (+2).
   rC:        It greatly protects you from cold.
   Will:      It greatly increases your willpower.
 u - an amulet of faith (around neck) {!P}
 z - the ring "Doror" (left hand) {rElec rN+ MP+9 Int+6}
   (You found it on level 3 of the Elven Halls)

   [ring of intelligence]

   Int:       It affects your intelligence (+6).
   rElec:     It insulates you from electricity.
   rN:        It protects you from negative energy.
   MP:        It affects your magic capacity (+9).
Wands
 f - a wand of mindburst (6)
 q - a wand of light (9)
 x - a wand of paralysis (31)
 D - a wand of roots (11)
 F - a wand of digging (13)
 H - a wand of polymorph (19)
 K - a wand of flame (35)
Scrolls
 g - 6 scrolls of fear
 j - a scroll of summoning
 s - a scroll of silence {!r}
 w - a scroll of immolation
 N - 7 scrolls of vulnerability
 O - 6 scrolls of fog
 R - 4 scrolls of magic mapping
 V - 4 scrolls of poison
Potions
 d - 6 potions of resistance
 h - 11 potions of lignification {!q}
 i - 9 potions of might
 l - 2 potions of invisibility
 m - 5 potions of ambrosia
 o - 8 potions of flight
 A - 23 potions of curing
 B - a potion of mutation {!q}
 E - 3 potions of cancellation
 Q - 5 potions of magic
 Y - 5 potions of heal wounds
Miscellaneous
 P - a box of beasts
 T - a lightning rod (4/4)
 U - a tin of tremorstones (2/2)
 W - a phial of floods


   Skills:
 + Level 12.8 Fighting
 * Level 15.9 Axes
 + Level 12.5 Armour
 + Level 10.9 Dodging
 - Level 2.4 Stealth
 + Level 13.0 Shields
 + Level 5.2 Spellcasting
 + Level 1.1 Translocations
 + Level 5.8 Transmutations
 + Level 0.9 Air Magic
 - Level 18.0 Poison Magic
 + Level 13.2 Invocations
 + Level 10.4 Evocations


You had 6 spell levels left.
You knew the following spells:

 Your Spells              Type           Power      Damage    Failure   Level
a - Apportation           Tloc           46%        N/A       3%          1
b - Lesser Beckoning      Tloc           46%        N/A       5%          2
c - Alistair's Intoxicat  Tmut/Pois      61%        N/A       1%          5
d - Mephitic Cloud        Conj/Pois/Air  65%        N/A       1%          3
e - Sting                 Tmut/Pois      100%       1d8       1%          1
f - Vhi's Electric Charg  Tloc/Air       46%        N/A       11%         3
g - Ignite Poison         Fire/Tmut/Pois 74%        N/A       1%          3
o - Olgreb's Toxic Radia  Pois           100%       N/A       1%          4

Your spell library contained the following spells:

 Spells                   Type           Power      Damage    Failure   Level
 Cigotuvi's Dreadful Rot  Necr/Pois/Air  100%       N/A       1%          2
 Poisonous Vapours        Pois/Air       100%       N/A       1%          2
 Spider Form              Tmut/Pois      92%        N/A       1%          3
 Freeze                   Ice            48%        1d6       5%          1
 Kiss of Death            Conj/Necr      48%        2d9       5%          1
 Magic Dart               Conj           48%        1d5       5%          1
 Necrotise                Necr           48%        1d6       5%          1
 Static Discharge         Conj/Air       34%        2-4/arc   7%          2
 Call Imp                 Summ           12%        N/A       9%          2
 Ensorcelled Hibernation  Hex/Ice        24%        N/A       9%          2
 Scorch                   Fire           24%        2d6       9%          2
 Kindle Blastsparks       Fire/Tloc/Air  38%        2d13      12%         3
 Portal Projectile        Hex/Tloc       36%        N/A       13%         3
 Blade Hands              Tmut           31%        N/A       14%         5
 Confusing Touch          Hex            12%        N/A       16%         3
 Frozen Ramparts          Ice            24%        1d4       16%         3
 Hailstorm                Conj/Ice       12%        3d5       16%         3
 Vampiric Draining        Necr           12%        2d6       16%         3
 Petrify                  Tmut/Erth      41%        N/A       16%         4
 Airstrike                Air            11%        2d(2-18)  34%         4
 Summon Lightning Spire   Summ/Air       17%        N/A       41%         4
 Anguish                  Hex/Necr       6%         N/A       47%         4
 Animate Armour           Summ/Erth      24%        N/A       47%         4
 Dispel Undead            Necr           12%        3d9       47%         4
 Flame Wave               Conj/Fire      12%        2d6       47%         4
 Plasma Beam              Fire/Air       8%         2x1d21    77%         5
 Freezing Cloud           Conj/Ice/Air   7%         6-21      78%         5
 Fireball                 Conj/Fire      6%         3d5       83%         5
 Iskenderun's Battlesphe  Conj           12%        2d7       83%         5
 Metabolic Englaciation   Hex/Ice        6%         N/A       83%         5
 Statue Form              Tmut/Erth      27%        N/A       94%         6
 Conjure Ball Lightning   Conj/Air       8%         3x3d6     100%        6
 Death Channel            Necr           6%         N/A       100%        6
 Iron Shot                Conj/Erth      6%         9d2       100%        6
 Summon Cactus Giant      Summ           6%         N/A       100%        6
 Orb of Destruction       Conj           6%         9d6       100%        7
 Storm Form               Tmut/Air       23%        N/A       100%        7
 Disjunction              Tloc           11%        N/A       100%        8


Dungeon Overview and Level Annotations

Branches:
Dungeon (15/15)            Temple (1/1) D:6            Lair (5/5) D:11
  Swamp (1/4) Lair:3       Spider (4/4) Lair:3        Slime (0/5) Lair:5
    Orc (2/2) D:9             Elf (3/3) Orc:2        Vaults (0/5) D:14
 Bailey (visited)
 Depths: D:15

Altars:
Ashenzari
Cheibriados
Dithmenos
Elyvilon
Fedhas
Gozag
Hepliaklqana
Kikubaaqudgha
Makhleb
Nemelex Xobeh
Okawaru
Qazlal
Ru
Sif Muna
Trog
Uskayaw
Vehumet
Wu Jian
Xom
Yredelemnul
Zin
The Shining One
Jiyva

Shops:
D:2 (   D:7 (   D:10 *   D:12 !   D:13 !   Orc:2 ***=

Annotations:
D:7 app or rF
D:12 fly
Lair:5 exclusion: 3 oklob plants
Swamp:2 2 transporters, Gakh's ghost, journeyman DrAr
Spider:4 2 transporters, t4s4d4r's ghost, adept OpTm
Elf:1 8 runed translucent doors
Elf:2 3 runed translucent doors


Innate Abilities, Weirdness & Mutations

You cannot be hasted, slowed, berserked, paralysed or teleported.
You can dig through walls and to a lower floor.
You have a pair of large antennae on your head. (SInv)
Your four strong arms can wield two-handed weapons with a shield.


Message History

You block the spectral fenstrider witch's attack.
The ghost crab misses you. The ghost crab claws you! You partially resist.
You feel drained.
The spectral fenstrider witch misses you.
The spectral fenstrider witch kicks you but does no damage.
Your unstable footing causes you to fumble your attack.
The spectral fenstrider witch misses you. x2
You block the ghost crab's attack. x2
The spectral fenstrider witch hits you but does no damage.
The spectral fenstrider witch closely misses you.
The spectral fenstrider witch completely misses you.
The spectral fenstrider witch closely misses you.
Activating: Slouch (1% risk of failure)
Press: ? - help, Dir - look around, f - activate You can feel time thicken for a moment.
Cheibriados lowers the support of your attributes as your movement quickens.
The spectral fenstrider witch fades away!
You block the spectral fenstrider witch's attack.
The spectral fenstrider witch kicks you!
The ghost crab breathes spectral mist at you.
The spectral mist engulfs you but does no damage.
The spectral fenstrider witch completely misses you.
The spectral fenstrider witch kicks you!
* * * LOW HITPOINT WARNING * * *
You partially resist.
You feel drained.
* * * LOW HITPOINT WARNING * * *
Activating: Slouch (1% risk of failure)
Press: ? - help, Dir - look around, f - activate You can feel time thicken for a moment.
You destroy the spectral fenstrider witch!
The spectral fenstrider witch fades away!
You destroy the ghost crab!
Cheibriados thoroughly appreciates the change of pace.
The spectral fenstrider witch fades away!
The spectral spriggan berserker fades away!
Cheibriados lowers the support of your attributes as your movement quickens.
You are engulfed in spectral mist.
Unknown command.
You are engulfed in spectral mist.
You die...

♣♣♣ ~.♣♣ ♣♣♣~ ~~.♣♣♣♣♣
♣♣♣..~§ ~~..~..♣ ...[~~~
)..~~~♣ ~~~§~§~ ♣♣.~~.♣♣
♣♣♣~~~~~~~ ♣♣....~♣♣♣
♣♣~..~~~~~~ ♣♣.§~~.♣.♣♣
♣☼§☼○~~~~~~
♣~.~~~....♣♣♣♣°○@~....~~
.~.§♣♣~.~..~♣~☼○~~.~..~~
~.♣♣♣♣♣~~~.♣♣~☼°~°.♣♣~.~
~~♣ ♣.~~.♣♣○§°♣♣♣♣ . ~~♣
♣♣.~..♣..☼♣♣ ..♣
♣~.~.♣♣~~♣♣ ~♣♣
♣~..~..§♣♣ ♣≈♣ ♣♣~...~~♣
≈≈≈≈ ♣~.....~.♣


There were no monsters in sight!

Vanquished Creatures
  Nikola (Spider:3)
  Arachne (Spider:4)
  Jorgrun (Spider:1)
  2 deep elf master archers (Elf:3)
  A deep elf blademaster (Elf:3)
  Frances (Spider:1)
  Agnes (Spider:1)
  Kirke (D:15)
  Donald (Spider:1)
  Louise (Spider:1)
  6 ghost moths
  6 deep elf sorcerers (Elf:3)
  7 emperor scorpions
  Aizul (Spider:1)
  5 deep elf elementalists (Elf:3)
  A broodmother (Spider:4)
  An eleionoma (Swamp:2)
  A bunyip (Swamp:2)
  A dire elephant (Lair:5)
  5 deep elf annihilators (Elf:3)
  4 deep elf demonologists (Elf:3)
  Azrael (D:14)
  A spark wasp (Spider:4)
  3 deep elf death magi (Elf:3)
  An ettin (Orc:2)
  A shambling mangrove (Swamp:2)
  Fannar (D:10)
  7 deep elf high priests
  8 hydras
  A ghost crab (Swamp:2)
  3 centaur warriors
  An ogre mage (D:15)
  11 two-headed ogres
  6 boulder beetles
  2 alligators
  A radroach (Spider:3)
  15 dancing weapons
  12 deep elf knights
  7 orc high priests (Orc:2)
  A skeletal warrior (D:14)
  A pharaoh ant (Spider:1)
  2 goliath frogs
  A skyshark (Lair:4)
  8 orb spiders
  11 deep elf archers
  3 spriggan druids
  2 lindwurms
  4 steelbarb worms
  26 deep elf pyromancers
  A will-o-the-wisp (Swamp:2)
  27 deep elf zephyrmancers
  An orc knight (D:14)
  4 orc sorcerers
  8 wolf spiders
  A manticore (D:14)
  5 ugly things
  4 moths of wrath
  3 oklob plants
  9 cyclopes
  7 black mambas
  10 elephants
  7 demonic crawlers
  A water nymph (shapeshifter) (D:14)
  3 gargoyles
  Joseph (D:9)
  11 cane toads
  An unseen horror (shapeshifter) (D:13)
  5 torpor snails
  4 centaur skeletons (D:14)
  2 kobold demonologists (D:11)
  11 komodo dragons
  A rime drake (Lair:5)
  3 meliai (Spider:2)
  11 polar bears
  14 hornets
  20 tarantellas
  5 trolls
  3 tyrant leeches (Swamp:2)
  6 dream sheep (Lair:4)
  10 blink frogs
  8 slime creatures
  19 jumping spiders
  A spriggan (Swamp:2)
  A shadow (D:11)
  An air elemental (Elf:2)
  19 culicivoras
  2 water elementals
  A wraith (D:9)
  68 yaks
  A vampire (D:12)
  4 wyverns
  A hog (D:15)
  8 basilisks
  5 fire elementals
  A human (D:15)
  A redback (shapeshifter) (Elf:2)
  8 vampire mosquitoes
  31 redbacks
  5 steam dragons
  5 swamp worms (Swamp:2)
  18 wargs
  An acid dragon (D:9)
  9 water moccasins
  17 hell hounds
  A swamp drake (D:11)
  13 black bears
  A sky beast (D:7)
  25 orc warriors
  An ice beast (D:8)
  8 ogres
  24 wolves
  19 centaurs
  3 kobold brigands
  10 bullfrogs
  A gnoll sergeant (D:8)
  2 scorpions (D:5)
  6 earth elementals
  A water moccasin zombie (D:4)
  16 wights
  6 killer bees (D:5)
  2 howler monkeys (D:7)
  2 electric eels
  3 hounds
  4 jellies
  38 orc priests
  2 sleepcaps
  Ijyb (D:4)
  Terence (D:2)
  5 iguanas
  24 orc wizards
  12 hell rats (Lair:2)
  4 gnolls (D:8)
  15 adders
  10 river rats (Lair:2)
  A white imp (D:8)
  An ufetubus (D:5)
  An adder zombie (D:4)
  2 worms (D:3)
  3 dart slugs
  72 orcs
  5 bats (D:1)
  2 endoplasms
  3 giant cockroaches
  10 hobgoblins
  10 jackals (D:2)
  18 kobolds
  11 quokkas
  7 ball pythons
  2 frilled lizards
  15 goblins
  18 rats
  2 foxfires (Swamp:2)
1067 creatures vanquished.

Vanquished Creatures (others)
  An entropy weaver (Spider:3)
  An unseen horror (D:12)
  A wyvern (D:11)
  A redback (Spider:3)
  A white imp (D:7)
  10 foxfires (Swamp:2)
  27 fungi
  31 plants
73 creatures vanquished.

Grand Total: 1140 creatures vanquished

Notes
Turn   | Place    | Note
-------+----------+-------------------------------------------
     0 | D:1      | mopl the Formicid Venom Mage began the quest for the Orb.
     0 | D:1      | Reached XP level 1. HP: 13/13 MP: 3/3
   183 | D:1      | Reached XP level 2. HP: 19/19 MP: 3/5
  1051 | D:1      | Reached XP level 3. HP: 13/24 MP: 1/6
  1124 | D:1      | Reached skill level 5 in Poison Magic
  1629 | D:2      | Found a faded altar of an unknown god.
  1695 | D:2      | Reached XP level 4. HP: 20/30 MP: 0/8
  1738 | D:2      | Learned a level 4 spell: Olgreb's Toxic Radiance
  1784 | D:2      | Found a blossoming altar of Fedhas.
  1815 | D:2      | Reached skill level 3 in Spellcasting
  1865 | D:2      | Noticed Terence
  1885 | D:2      | Killed Terence
  1886 | D:2      | Reached skill level 6 in Poison Magic
  1945 | D:2      | Found Gaakayw's Antique Weapon Boutique.
  2063 | D:2      | Reached XP level 5. HP: 33/35 MP: 4/9
  2301 | D:2      | Reached skill level 7 in Poison Magic
  2628 | D:3      | Found a faded altar of an unknown god.
  2694 | D:3      | Found a shadowy altar of Dithmenos.
  3254 | D:4      | Reached XP level 6. HP: 36/41 MP: 3/10
  3273 | D:4      | Reached skill level 8 in Poison Magic
  3287 | D:4      | Noticed Ijyb
  3298 | D:4      | Killed Ijyb
  3749 | D:4      | Found a hide-covered altar of Uskayaw.
  3761 | D:4      | Reached skill level 9 in Poison Magic
  3986 | D:4      | Reached XP level 7. HP: 28/46 MP: 11/11
  3994 | D:4      | Found a basalt altar of Yredelemnul.
  4093 | D:5      | Entered Level 5 of the Dungeon
  4130 | D:5      | Learned a level 3 spell: Ignite Poison
  4194 | D:5      | Reached skill level 2 in Transmutations
  4194 | D:5      | Reached skill level 10 in Poison Magic
  4194 | D:5      | Reached XP level 8. HP: 52/52 MP: 4/12
  4229 | D:5      | Reached skill level 3 in Transmutations
  4229 | D:5      | Reached skill level 11 in Poison Magic
  4305 | D:5      | Reached skill level 2 in Dodging
  4315 | D:5      | Reached skill level 1 in Fighting
  4315 | D:5      | Reached skill level 1 in Armour
  5231 | D:6      | Learned a level 3 spell: Mephitic Cloud
  5250 | D:6      | Reached skill level 1 in Axes
  5277 | D:6      | Reached skill level 2 in Armour
  5372 | D:6      | Reached skill level 2 in Fighting
  5372 | D:6      | Reached skill level 4 in Transmutations
  5372 | D:6      | Reached XP level 9. HP: 61/61 MP: 4/13
  5732 | D:6      | Found a broken altar of Ashenzari.
  5830 | D:6      | Reached skill level 2 in Axes
  6166 | D:6      | Found a staircase to the Ecumenical Temple.
  6174 | D:6      | Reached skill level 3 in Dodging
  6176 | Temple   | Entered the Ecumenical Temple
  6184 | Temple   | Became a worshipper of Cheibriados the Contemplative
  6423 | D:7      | Found Ustiagoz's Antique Weapon Shop.
  6522 | D:7      | Reached skill level 3 in Axes
  6522 | D:7      | Reached skill level 1 in Invocations
  6528 | D:7      | Noticed a two-headed ogre
  6576 | D:7      | Killed a two-headed ogre
  6577 | D:7      | Reached skill level 3 in Fighting
  6577 | D:7      | Reached skill level 3 in Armour
  6577 | D:7      | Reached skill level 12 in Poison Magic
  6577 | D:7      | Reached skill level 2 in Invocations
  6792 | D:7      | Reached skill level 4 in Axes
  6797 | D:7      | Reached XP level 10. HP: 53/70 MP: 3/15
  6801 | D:7      | Reached * piety under Cheibriados
  6802 | D:7      | Reached skill level 5 in Transmutations
  7495 | D:8      | Reached skill level 4 in Fighting
  7506 | D:8      | Reached skill level 4 in Armour
  7521 | D:8      | Reached skill level 3 in Invocations
  7524 | D:8      | Reached skill level 4 in Dodging
  7964 | D:8      | Reached skill level 4 in Spellcasting
  8093 | D:8      | Reached skill level 5 in Axes
  8137 | D:8      | Reached ** piety under Cheibriados
  8338 | D:8      | Found a blossoming altar of Fedhas.
  8341 | D:8      | Found a burning altar of Makhleb.
  8344 | D:8      | Found a glowing golden altar of the Shining One.
  8390 | D:9      | Found a flagged portal.
  8416 | Bailey   | Entered a bailey
  8601 | Bailey   | Reached *** piety under Cheibriados
  8603 | Bailey   | Reached skill level 4 in Invocations
  8916 | D:9      | Reached XP level 11. HP: 70/76 MP: 17/17
  8918 | D:9      | Reached skill level 5 in Fighting
  8993 | D:9      | Reached skill level 6 in Axes
  9273 | D:9      | Found a staircase to the Orcish Mines.
  9311 | D:9      | Reached skill level 5 in Armour
  9318 | D:9      | Noticed Joseph
  9325 | D:9      | Killed Joseph
  9524 | D:10     | Entered Level 10 of the Dungeon
  9524 | D:10     | Found Oluteek's Changing Room.
  9530 | D:10     | Reached **** piety under Cheibriados
  9603 | D:10     | Reached skill level 5 in Spellcasting
  9603 | D:10     | Reached skill level 13 in Poison Magic
  9845 | D:10     | Reached skill level 5 in Dodging
  9942 | D:10     | Reached skill level 5 in Invocations
  9968 | D:10     | Noticed Fannar
  9980 | D:10     | Killed Fannar
  9981 | D:10     | Reached skill level 7 in Axes
 10583 | D:11     | Noticed a two-headed ogre
 10587 | D:11     | Killed a two-headed ogre
 10588 | D:11     | Reached skill level 6 in Fighting
 10602 | D:11     | Noticed a cyclops
 10606 | D:11     | Killed a cyclops
 10607 | D:11     | Reached skill level 6 in Armour
 10878 | D:11     | Reached XP level 12. HP: 73/88 MP: 15/19
 10896 | D:11     | Reached ***** piety under Cheibriados
 10897 | D:11     | Reached skill level 6 in Invocations
 10899 | D:11     | Reached skill level 1 in Shields
 10910 | D:11     | Reached skill level 8 in Axes
 10922 | D:11     | Reached skill level 2 in Shields
 10955 | D:11     | Found a staircase to the Lair.
 10958 | D:11     | Reached skill level 6 in Dodging
 11350 | Lair:1   | Entered Level 1 of the Lair of Beasts
 11477 | Lair:1   | Reached skill level 7 in Fighting
 11477 | Lair:1   | Reached skill level 3 in Shields
 11626 | Lair:1   | Reached skill level 14 in Poison Magic
 11690 | Lair:1   | Reached skill level 7 in Armour
 11691 | Lair:1   | Reached skill level 9 in Axes
 11691 | Lair:1   | Reached skill level 7 in Invocations
 12032 | Orc:1    | Entered Level 1 of the Orcish Mines
 12109 | Orc:1    | Reached skill level 1 in Evocations
 12137 | Orc:1    | Reached skill level 4 in Shields
 12171 | Orc:1    | Noticed a two-headed ogre
 12179 | Orc:1    | Killed a two-headed ogre
 12180 | Orc:1    | Reached XP level 13. HP: 85/96 MP: 16/20
 12384 | Orc:2    | Entered Level 2 of the Orcish Mines
 12433 | Orc:2    | Reached ****** piety under Cheibriados
 12520 | Orc:2    | Reached skill level 2 in Evocations
 12644 | Orc:2    | Reached skill level 5 in Shields
 12653 | Orc:2    | Found a staircase to the Elven Halls.
 12754 | Orc:2    | Found Detsacuo's Assorted Antiques.
 12768 | Orc:2    | Bought a scroll labelled PAESKU YTIQ for 36 gold pieces
 12768 | Orc:2    | Bought a scroll labelled HUDOESO ZYDO for 36 gold pieces
 12773 | Orc:2    | Found Xasaukhli's General Store.
 12778 | Orc:2    | Reached skill level 3 in Evocations
 12786 | Orc:2    | Bought a scroll of immolation for 72 gold pieces
 12786 | Orc:2    | Bought a potion of might for 72 gold pieces
 12802 | Orc:2    | Noticed an ettin
 12803 | Orc:2    | Reached skill level 10 in Axes
 12807 | Orc:2    | Reached skill level 8 in Fighting
 12809 | Orc:2    | Reached skill level 7 in Dodging
 12810 | Orc:2    | Killed an ettin
 12903 | Orc:2    | Reached skill level 8 in Invocations
 12992 | Orc:2    | Found Ijatoej's Assorted Antiques.
 12992 | Orc:2    | Found Tupror's Jewellery Shoppe.
 13436 | Orc:2    | Bought a potion of might for 84 gold pieces
 13436 | Orc:2    | Bought a tapered bronze wand for 84 gold pieces
 13436 | Orc:2    | Bought a scroll of identify for 42 gold pieces
 13436 | Orc:2    | Bought a scroll of identify for 42 gold pieces
 13447 | Orc:2    | Bought the ring "Habbat" {rF+ rN+ MP+9 Str+7 Int-2} for 584
                  | gold pieces
 13447 | Orc:2    | Bought the ring of Voaghir {*Corrode rElec rPois Will+
                  | SInv} for 458 gold pieces
 13652 | Lair:2   | Reached skill level 8 in Armour
 13906 | Lair:2   | Reached skill level 6 in Shields
 14290 | Lair:2   | Reached XP level 14. HP: 91/106 MP: 21/21
 14405 | Lair:3   | Reached skill level 4 in Evocations
 14745 | Lair:3   | Reached skill level 15 in Poison Magic
 14748 | Lair:3   | Reached skill level 11 in Axes
 14827 | Lair:3   | Reached skill level 7 in Shields
 14876 | Lair:3   | Found a staircase to the Swamp.
 14905 | Lair:3   | Reached skill level 9 in Fighting
 14987 | Lair:3   | Found a hole to the Spider Nest.
 15428 | Lair:4   | Reached skill level 9 in Invocations
 15566 | Lair:4   | Reached skill level 5 in Evocations
 16033 | Lair:4   | Reached skill level 9 in Armour
 16521 | Lair:5   | Entered Level 5 of the Lair of Beasts
 16602 | Lair:5   | Reached skill level 8 in Dodging
 16615 | Lair:5   | Reached XP level 15. HP: 93/114 MP: 10/22
 16730 | Lair:5   | Reached skill level 8 in Shields
 17331 | Lair:5   | Reached skill level 12 in Axes
 17351 | Lair:5   | Reached skill level 6 in Evocations
 17372 | Lair:5   | Identified the +2 ring mail "Oceraq" {Will+++}
 17505 | Lair:5   | Reached skill level 10 in Invocations
 17804 | Lair:5   | Found a staircase to the Slime Pits.
 17804 | Lair:5   | Found a viscous altar of Jiyva.
 17962 | Lair:3   | Got Lidutol's Simple Wizarding
 18110 | D:12     | Found Ysif's Distillery.
 18113 | D:12     | Bought a potion of heal wounds for 55 gold pieces
 18113 | D:12     | Bought a potion of heal wounds for 55 gold pieces
 18113 | D:12     | Bought a potion of curing for 33 gold pieces
 18414 | D:12     | Identified 2 scrolls of acquirement
 18415 | D:12     | Acquired the ring "Heviliv" {rC++ Will+++ Str-5 Int+6
                  | Slay+2}
 18416 | D:12     | Acquired 726 gold pieces
 19078 | D:12     | Found Ysif's Distillery.
 19092 | D:12     | Reached skill level 10 in Fighting
 19424 | D:13     | Found Iliwu's Distillery.
 19432 | D:13     | Bought a potion of berserk rage for 75 gold pieces
 19433 | D:13     | Bought a potion of curing for 45 gold pieces
 19433 | D:13     | Bought a potion of curing for 45 gold pieces
 19433 | D:13     | Bought a potion of curing for 45 gold pieces
 19486 | D:13     | Reached skill level 9 in Shields
 19896 | D:13     | Reached skill level 16 in Poison Magic
 20011 | D:14     | Found a gate to the Vaults.
 20251 | D:14     | Reached XP level 16. HP: 122/122 MP: 19/23
 20275 | D:14     | Reached skill level 10 in Armour
 20425 | D:14     | Reached skill level 7 in Evocations
 20780 | D:14     | Noticed Azrael
 20798 | D:14     | Killed Azrael
 21055 | D:15     | Entered Level 15 of the Dungeon
 21058 | D:15     | Noticed Kirke
 21060 | D:15     | Reached skill level 13 in Axes
 21061 | D:15     | Reached skill level 9 in Dodging
 21065 | D:15     | Killed Kirke
 21114 | D:15     | Noticed a fire giant
 21386 | Elf:1    | Entered Level 1 of the Elven Halls
 21426 | Elf:1    | Reached skill level 10 in Shields
 21613 | Elf:1    | Identified the +6 scale mail of the Robin {rC+ Int+2 Dex+3}
 21765 | Elf:1    | Reached skill level 11 in Invocations
 22074 | Elf:1    | Found a huge runed translucent gate.
 22075 | Elf:1    | Found a huge runed translucent gate.
 22075 | Elf:1    | Found a huge runed translucent gate.
 22075 | Elf:1    | Found a huge runed translucent gate.
 22076 | Elf:1    | Found a huge runed translucent gate.
 22076 | Elf:1    | Found a huge runed translucent gate.
 22076 | Elf:1    | Found a huge runed translucent gate.
 22077 | Elf:1    | Found a huge runed translucent gate.
 22081 | Elf:1    | Identified the +0 double sword of Ocuam {flame, SInv}
 22081 | Elf:1    | Noticed a deep elf blademaster
 22183 | Elf:1    | Identified the ring "Ulipp" {MP+9 EV+5 Dex+2}
 22752 | Elf:1    | Identified the +4 double sword of Mutilation {drain, rElec
                  | rF- Str+3 Dex+2}
 22752 | Elf:1    | Noticed a deep elf blademaster
 23159 | Elf:2    | Reached skill level 8 in Evocations
 23167 | Elf:2    | Reached XP level 17. HP: 30/130 MP: 23/25
 23548 | Elf:2    | Reached skill level 11 in Fighting
 24149 | Elf:2    | Found a runed translucent gate.
 24150 | Elf:2    | Found a runed translucent gate.
 24150 | Elf:2    | Found a runed translucent gate.
 24238 | Elf:3    | Entered Level 3 of the Elven Halls
 24270 | Elf:3    | Found Teklef's Weapon Boutique.
 24276 | Elf:3    | Reached skill level 11 in Armour
 24316 | Elf:3    | Reached skill level 14 in Axes
 24540 | Elf:3    | Reached skill level 17 in Poison Magic
 24542 | Elf:3    | Reached skill level 11 in Shields
 25237 | Elf:3    | Noticed a Brimstone Fiend
 25243 | Elf:3    | Noticed a deep elf blademaster
 25248 | Elf:3    | Killed a deep elf blademaster
 25262 | Elf:3    | Noticed a deep elf master archer
 25270 | Elf:3    | Killed a deep elf master archer
 25551 | Elf:3    | Identified the +8 falchion of Conformity {flame, rElec rC+}
 25580 | Elf:3    | Reached skill level 9 in Evocations
 25658 | Elf:3    | Reached skill level 10 in Dodging
 25658 | Elf:3    | Reached XP level 18. HP: 112/139 MP: 25/26
 25660 | Elf:3    | Reached skill level 12 in Invocations
 26296 | Elf:3    | Noticed a deep elf master archer
 26322 | Elf:3    | Killed a deep elf master archer
 26371 | Elf:3    | Found the +3 greatsling "Punk" {acid, rCorr}
 26375 | Elf:3    | Identified the ring "Doror" {rElec rN+ MP+9 Int+6}
 26383 | Elf:3    | Got the Catalogue of Shifting and Unholy Mysteries
 26390 | Elf:3    | Identified the +7 quarterstaff of Loituta {flame, Dex+4
                  | Stlth+}
 26407 | Elf:3    | Identified the staff of poison "Hahojugg" {rPois rN+ Str+3
                  | Int+3 Stlth+}
 26426 | Elf:3    | Identified the +0 scale mail of the Cuttlefish {Rampage
                  | Str+7}
 26493 | Elf:3    | Got Nywkaisk's Compilation of the Weathered Geodesic
 26525 | Elf:3    | Identified the ring "Xayd" {Ice Slay+3}
 26534 | Elf:3    | Identified the ring "Vorim" {rC+ Dex+6}
 26538 | Elf:3    | Identified the ring of Uduhyocs {Will++ Int+6}
 26545 | Elf:3    | Identified the +0 pair of gloves of the Doldrums {+Blink}
 26552 | Elf:3    | Identified the +1 helmet of Mafon {Fly}
 26932 | Swamp:1  | Entered Level 1 of the Swamp
 26994 | Spider:1 | Entered Level 1 of the Spider Nest
 27048 | Spider:1 | Identified the +0 robe of the Equator {Dex+2}
 27102 | Spider:1 | Noticed Frances
 27111 | Spider:1 | Killed Frances
 27112 | Spider:1 | Reached skill level 12 in Fighting
 27130 | Spider:1 | Noticed Louise
 27138 | Spider:1 | Killed Louise
 27154 | Spider:1 | Noticed Jorgrun
 27178 | Spider:1 | Killed Jorgrun
 27179 | Spider:1 | Reached skill level 12 in Shields
 27199 | Spider:1 | Reached skill level 15 in Axes
 27271 | Spider:1 | Identified the +1 plate armour of Dishonour {+Inv}
 27393 | Spider:1 | Noticed Agnes
 27405 | Spider:1 | Killed Agnes
 27554 | Spider:1 | Noticed Aizul
 27571 | Spider:1 | Killed Aizul
 27850 | Spider:1 | Noticed Donald
 27855 | Spider:1 | Killed Donald
 28604 | Spider:2 | You fall into a shaft and drop 1 floor!
 28605 | Spider:3 | Noticed Nikola
 28610 | Spider:3 | Reached skill level 12 in Armour
 28618 | Spider:3 | Killed Nikola
 28869 | Spider:3 | Reached XP level 19. HP: 120/147 MP: 28/28
 28883 | Spider:3 | Reached skill level 10 in Evocations
 29151 | Spider:3 | Identified the +2 robe of Extremely Toothy Mirth {Drain
                  | rElec Regen+}
 30519 | Spider:4 | Entered Level 4 of the Spider Nest
 30547 | Spider:4 | Learned a level 5 spell: Alistair's Intoxication
 30571 | Spider:4 | Found a transporter.
 30579 | Spider:4 | Noticed t4s4d4r's ghost (adept OpTm)
 30581 | Spider:4 | Found a transporter.
 30595 | Spider:4 | Reached skill level 18 in Poison Magic
 31085 | Spider:4 | Reached skill level 13 in Invocations
 31187 | Spider:4 | Noticed Arachne
 31212 | Spider:4 | Killed Arachne
 31608 | Spider:4 | Got a gossamer rune of Zot
 31877 | Lair:1   | Learned a level 1 spell: Apportation
 31880 | Lair:1   | Learned a level 2 spell: Lesser Beckoning
 31884 | Lair:1   | Learned a level 3 spell: Vhi's Electric Charge
 32568 | Swamp:1  | You fall into a shaft and drop 1 floor!
 32947 | Swamp:2  | Noticed Gakh's ghost (journeyman DrAr)
 32949 | Swamp:2  | Found a bloodstained altar of Trog.
 32982 | Swamp:2  | Found a transporter.
 32984 | Swamp:2  | Found a transporter.
 32993 | Swamp:2  | Reached skill level 13 in Shields
 33031 | Swamp:2  | Reached skill level 1 in Translocations
 33069 | Swamp:2  | Engulfed by a cloud of spectral mist

Illustrated notes

Levels and vault maps discovered:
D:1:      nicolae_arrival_somewhat_less_tricky_arrival, layout_basic,
          serial_aquarium, aquarium_bridge_long_separate
          [aquarium_subvault_bridge, aquarium_subvault_wall,
          aquarium_subvault_bridge, aquarium_subvault_bridge,
          aquarium_subvault_bridge, aquarium_subvault_window],
          aquarium_window_fake, aquarium_window_corridor_2, aquarium_window_2,
          aquarium_view_2e, aquarium_balcony_5a
D:2:      layout_basic, serial_shops, nicolae_lakefront_shop,
          shapermc_ecumenical_altar_mp_ritualfount, basic_altar,
          feat_on_display, uniq_terence
D:3:      layout_basic, nicolae_overflow_ecumenical_swirl
D:4:      layout_cave_pods, lemuel_zombie_altar_yredelemnul,
          eat_drink_and_be_merry_uskayaw, grunt_ministairs_13, uniq_ijyb
D:5:      layout_basic, hangedman_minor_gate_pass
D:6:      layout_cave_pods, kennysheep_little_box,
          minmay_temple_entry_nine_rooms, chequers_serial_rivers_room_a,
          fountainhead
D:7:      layout_loops_ring, serial_shops, nicolae_inconvenience_store,
          lemuel_flame_loot_1
D:8:      layout_loops_cross, grunt_temple_overflow_diamond, kennysheep_potato
D:9:      layout_gridville, orc_0_dummy, enter_bailey_5, uniq_joseph
D:10:     nicolae_hitomezashi [nicolae_hito_row, nicolae_hito_row,
          nicolae_hito_row, nicolae_hito_row, nicolae_hito_row,
          nicolae_hito_row, nicolae_hito_row, nicolae_hito_row,
          nicolae_hito_row, nicolae_hito_row, nicolae_hito_row,
          nicolae_hito_row, nicolae_hito_row, nicolae_hito_row,
          nicolae_hito_row, nicolae_hito_row, nicolae_hito_row,
          nicolae_hito_row], layout_loops_corners, nicolae_transmutations_shop,
          uniq_fannar
D:11:     layout_roguey, erik_lair_dragon, serial_bayou_pond_e
D:12:     statuecave_lemuel, layout_irregular_city, serial_shops,
          nicolae_stop_n_shop_1
D:13:     layout_small_grid, serial_shops, shop
D:14:     layout_grid_maze, hangedman_vaults_entry_quadrant_bands,
          minmay_staircase_windowed_small, st_stairs_4, uniq_azrael
D:15:     hangedman_depths_entry_try_elsewhere_first, layout_irregular_city,
          gammafunk_ghost_hive, chequers_serial_rivers_small_b, minmay_radiant,
          uniq_kirke
Temple:   hellmonk_temple_two_chambers
Lair:1:   layout_roguey, grunt_megastairs_5
Lair:2:   lemuel_ratsnest, layout_chaotic_city
Lair:3:   minmay_lair_oklob_chamber, layout_cave_pods, minmay_swamp_entry_swarm,
          spider_nest_entry_webs
Lair:4:   layout_small_grid, serial_bayou_shore_b
Lair:5:   hangedman_lair_caniforms_friends, layout_cave_pods,
          minmay_slime_entry_oklob_open
Swamp:1:  layout_basic_swamp, serial_swamp_ruin, hangedman_swamp_ruin_hall,
          evilmike_swamp_ruin_rubble_1
Swamp:2:  layout_basic_swamp, gammafunk_ghost_wrathful_warriors,
          hangedman_swamp_ruin_wall, swamp_pool2, nicolae_island_escapes
Spider:1: layout_spider_delve, spiders_nest_hornet_nest,
          hangedman_spider_tarantella_strand, uniq_louise, uniq_agnes,
          uniq_donald, uniq_jorgrun, uniq_aizul, uniq_frances
Spider:2: layout_chambers
Spider:3: layout_spider_delve, hellmonk_motheaten_closet, uniq_nikola
Spider:4: spider_rune_water, gammafunk_ghost_arena, hellmonk_spider_spawner,
          uniq_arachne
Orc:1:    layout_caves
Orc:2:    st_orc_town, layout_caves, nicolae_orc_rich_vein
Elf:1:    elf_arrival_002, layout_onion_city, kennysheep_underground_church,
          nicolae_elf_double_double_double_trouble
Elf:2:    nicolae_elf_blades_crystal_corner, layout_loops_ring
Elf:3:    minmay_elf_hall_hex, layout_gridlike, serial_shops, shop

Skill      XL: |  1  2  3  4  5  6  7  8  9 10 11 12 13 14 15 16 17 18 19 |
---------------+----------------------------------------------------------+-----
Poison Magic   | 5 6 7 9 10 11 12 13 14 15 16 17 18 | 18.0
Spellcasting   | 3 4 5 |  5.2
Transmutations | 2 4 5 |  5.8
Dodging        | 2 3 4 5 6 7 8 9 10 | 10.9
Fighting       | 2 3 4 6 7 8 9 10 11 12 | 12.8
Armour         | 2 3 4 6 7 8 9 10 11 12 | 12.5
Axes           | 1 4 5 7 9 10 11 12 13 14 15 | 15.9
Invocations    | 2 4 5 7 8 9 10 11 12 13 | 13.2
Shields        | 4 6 7 9 10 11 12 13 | 13.0
Evocations     | 1 3 5 6 8 9 10 | 10.4
Translocations | 1 |  1.1
Stealth        | |  2.4
Air Magic      | |  0.9

Action                     |  1- 3 |  4- 6 |  7- 9 | 10-12 | 13-15 | 16-18 | 19-21 || total
---------------------------+-------+-------+-------+-------+-------+-------+-------++-------
  Melee: Unarmed           |    81 |    61 |       |       |       |       |       ||   142
         Staff             |       |     9 |       |       |       |       |       ||     9
         Dagger            |       |    60 |    85 |    32 |       |       |       ||   177
         Punch             |       |     2 |     3 |     1 |       |       |       ||     6
         Quarterstaff      |       |       |       |   218 |   583 |   260 |       ||  1061
         War axe           |       |       |       |    17 |       |       |    12 ||    29
         Battleaxe         |       |       |       |     9 |       |    94 |       ||   103
         Broad axe         |       |       |       |       |       |    59 |   258 ||   317
  Throw: Dart              |       |       |     2 |       |       |       |       ||     2
   Cast: Sting             |    55 |    80 |     9 |       |       |       |       ||   144
         Olgreb's Toxic Ra |       |     6 |    24 |    49 |    90 |   109 |    24 ||   302
         Ignite Poison     |       |       |    10 |    15 |    37 |    68 |     9 ||   139
         Mephitic Cloud    |       |       |     3 |     4 |    11 |     1 |     3 ||    22
 Invoke: Slouch            |       |       |       |       |     2 |    15 |     6 ||    23
         Step From Time    |       |       |       |       |     1 |       |       ||     1
Ability: Dig               |       |       |       |       |       |     1 |       ||     1
  Evoke: Wand              |       |       |     1 |     1 |     2 |     5 |     1 ||    10
         Box of beasts     |       |       |       |       |       |     1 |       ||     1
    Use: Scroll            |       |       |     8 |     3 |    16 |     4 |     1 ||    32
         Potion            |       |       |       |     1 |       |     4 |     2 ||     7
   Stab: Paralysed         |       |       |     2 |     2 |     7 |     3 |       ||    14
         Distracted        |       |       |       |     5 |    11 |     5 |       ||    21
         Sleeping          |       |       |       |     2 |     8 |     7 |     2 ||    19
 Armour: Robe              |    12 |       |       |       |       |       |       ||    12
         Leather armour    |     6 |    80 |    38 |    54 |       |       |       ||   178
         Troll leather arm |       |       |       |    52 |   167 |    14 |       ||   233
         Scale mail        |       |       |       |       |       |    87 |   133 ||   220
  Dodge: Dodged            |    70 |    96 |    47 |   220 |   633 |   317 |   248 ||  1631
  Block: Buckler           |       |       |       |    29 |   335 |   183 |       ||   547
         Reflection        |       |       |       |       |    12 |    24 |     9 ||    45
         Kite shield       |       |       |       |       |       |    78 |   298 ||   376

Table legend: (Time is in decaauts)
 A = Elapsed time spent in this place.
 B = Non-inter-level travel time spent in this place.
 C = Inter-level travel time spent in this place.
 D = Time resting spent in this place.
 E = Time spent auto-exploring this place.
 F = Levels seen in this place.
 G = Mean time per level.
                   A        B        C        D        E       F      G
               +--------+--------+--------+--------+--------+-----+--------+
         Total |  50087 |  44651 |   5436 |   5236 |  29449 |  33 | 1517.8 |
       Dungeon |  20196 |  17801 |   2395 |   1339 |  13318 |  15 | 1346.4 |
        Temple |     23 |     23 |      0 |      0 |      0 |   1 |   23.0 |
          Lair |   9737 |   8733 |   1004 |    366 |   6433 |   5 | 1947.4 |
         Swamp |    802 |    797 |      5 |    234 |    159 |   2 |  401.0 |
   Spider Nest |   7620 |   6995 |    625 |   1273 |   4307 |   4 | 1905.0 |
  Orcish Mines |   2775 |   2331 |    444 |    106 |   1444 |   2 | 1387.5 |
   Elven Halls |   8469 |   7509 |    960 |   1918 |   3635 |   3 | 2823.0 |
        Bailey |    462 |    462 |      0 |      0 |    152 |   1 |  462.0 |
               +--------+--------+--------+--------+--------+-----+--------+

Top non-repeatable levels by time:
   Elf:3: 3967 daAuts
   Elf:1: 2956 daAuts
    D:12: 2437 daAuts
Spider:1: 2393 daAuts
  Lair:3: 2375 daAuts
  Lair:5: 2274 daAuts
    D:11: 2216 daAuts
Spider:2: 2202 daAuts
  Lair:4: 2194 daAuts
    D:10: 2058 daAuts
   Orc:2: 1998 daAuts
    D:14: 1812 daAuts
  Lair:2: 1769 daAuts
Spider:4: 1692 daAuts
   Elf:2: 1544 daAuts
